 Dungeon Crawl Stone Soup version 0.29.1-1-gd02db6906a (webtiles) character file.

Game seed: 2395704964202270698

19 LustLizard the Trooper (level 2, 0/24 HPs)
             Began as a Demonspawn Fighter on Oct 5, 2022.
             Killed from afar by a dart slug (2 damage)
             ... with a slug dart
             ... on level 2 of the Dungeon.
             The game lasted 00:01:12 (1201 turns).

LustLizard the Trooper (Demonspawn Fighter)         Turns: 1201, Time: 00:01:12

Health: 0/24       AC:  6    Str: 16    XL:     2   Next: 55%
Magic:  2/2        EV:  9    Int: 11    God:
Gold:   28         SH:  4    Dex: 12    Spells: 1/1 levels left

rFire   . . .      SeeInvis .   a - +0 long sword
rCold   . . .      Faith    .   c - +0 buckler
rNeg    . . .      Spirit   .   b - +0 scale mail
rPois   .          Reflect  .   (no helmet)
rElec   .          Harm     .   (no cloak)
rCorr   .          Rampage  .   (no gloves)
Will    .....                   (no boots)
Stlth   ..........              (no amulet)
HPRegen 0.08/turn               (no ring)
MPRegen 0.08/turn               (no ring)

@: no status effects
A: big brain 1
a: no special abilities


You were on level 2 of the Dungeon.
You visited 1 branch of the dungeon, and saw 2 of its levels.

You collected 28 gold pieces.

Inventory:

Hand Weapons
 a - a +0 long sword (weapon)
Missiles
 i - 13 stones (quivered)
Armour
 b - a +0 scale mail (worn)
 c - a +0 buckler (worn)
Scrolls
 e - 2 scrolls of summoning
 g - a scroll of blinking {unknown}
 j - a scroll of torment {unknown}
 k - a scroll of magic mapping {unknown}
Potions
 d - a potion of might
 f - a potion of mutation {unknown}
 h - a potion of haste {unknown}
 l - a potion of brilliance {unknown}


   Skills:
 + Level 3.2 Fighting
 * Level 2.3 Long Blades
 * Level 0.2 Throwing
 - Level 2.6 Armour
 + Level 0.7 Dodging
 - Level 2.6 Shields


You had one spell level left.
You didn't know any spells.
Your spell library contained the following spells:

 Spells                   Type           Power      Damage    Failure   Level
 Frozen Ramparts          Ice            0%         1d1       99%         3
 Ice Form                 Ice/Tmut       0%         N/A       100%        4
 Summon Ice Beast         Ice/Summ       0%         N/A       100%        4


Dungeon Overview and Level Annotations

Branches:
Dungeon (2/15)

Altars:


Innate Abilities, Weirdness & Mutations

You have an unusually large brain. (Int +2)


Message History

You enter the shallow water.
Moving in this stuff is going to be slow.
A dart slug comes into view.
A dart slug is nearby!
An endoplasm comes into view.
Found a scroll labelled JOAHOR YTHAL.
The dart slug launches a dart at you. The slug dart hits you.
The endoplasm hits you but does no damage.
Your unstable footing causes you to fumble your attack.
The endoplasm freezes you.
You are frozen.
You hit the endoplasm but do no damage. The endoplasm freezes you.
You are frozen.
You hit the endoplasm.
The endoplasm is severely wounded.
The endoplasm barely misses you. The endoplasm freezes you.
You are frozen.
You hit the endoplasm.
The endoplasm is almost dead.
The endoplasm freezes you.
You are frozen.
You are too injured to fight recklessly!
You are too injured to fight recklessly!
Your unstable footing causes you to fumble your attack.
The endoplasm freezes you.
You are frozen.
The endoplasm freezes you.
You are frozen.
* * * LOW HITPOINT WARNING * * *
The endoplasm freezes you.
You are frozen.
* * * LOW HITPOINT WARNING * * *
You hit the endoplasm.
You kill the endoplasm!
The dart slug launches a dart at you. The slug dart hits you.
You die...

### #######. #≈≈
#....... #≈## #.#.....
#≈≈## ##.#.###. ####
#≈≈≈######..#.###.
#?...#≈≈≈≈#......~.....
#....#≈≈≈≈~≈.~.≈~~.~.~≈
#...w.~≈≈~≈~~~≈~~~~.~≈≈
#.####@~~≈~≈~~~~~~.~~≈~
#~.~≈~~~~~~~~.~≈~~
##..~.~.~~..~.~~#≈
#########.######≈ #.#
#≈ # #≈ ## #


You could see a dart slug.

Vanquished Creatures
  A bat (D:1)
  2 endoplasms
  3 giant cockroaches (D:1)
  3 goblins (D:1)
  3 hobgoblins (D:1)
  A quokka (D:1)
  A ball python (D:1)
  2 kobolds (D:1)
  A rat (D:1)
17 creatures vanquished.

Notes
Turn   | Place    | Note
-------+----------+-------------------------------------------
     0 | D:1      | LustLizard the Demonspawn Fighter began the quest for the
                  | Orb.
     0 | D:1      | Reached XP level 1. HP: 18/18 MP: 1/1
   505 | D:1      | Gained mutation: You have an unusually large brain. (Int
                  | +2) [demonic ancestry]
   505 | D:1      | Reached XP level 2. HP: 20/24 MP: 2/2
  1200 | D:2      | HP: 1/24 [frozen (5)]
  1201 | D:2      | Killed from afar by a dart slug

Illustrated notes

Levels and vault maps discovered:
D:1:      giann_wishing_wells, layout_basic, nicolae_kite_square_tiling_tiny,
          st_stairs_4
D:2:      layout_basic, serial_rivers, chequers_serial_rivers_marsh,
          chequers_serial_rivers_micro_e, chequers_serial_rivers_small_a,
          chequers_serial_rivers_large_a, chequers_serial_rivers_small_a

Skill      XL: |  1 |
---------------+----+-----
Long Blades    | 2 |  2.3
Fighting       | |  3.2
Throwing       | |  0.2
Armour         | |  2.6
Dodging        | |  0.7
Shields        | |  2.6

Action                   || total
-------------------------++-------
Melee: Long sword        ||    67
  Use: Scroll            ||     1
Armor: Scale mail        ||    33
Dodge: Dodged            ||    32
Block: Buckler           ||    15
